[Event "CCT Julius Baer-D2 2024"]
[Site "Online"]
[Date "2024.09.29"]
[Round "53"]
[White "Daneshvar, Bardiya"]
[Black "Indjic, Aleksandar"]
[Result "1-0"]
[ECO "A06"]
[WhiteElo "2598"]
[BlackElo "2611"]
[Annotator "ChessBase"]
[PlyCount "93"]
[EventDate "2024.09.25"]
[EventType "swiss"]
[EventCountry "NET"]
[SourceTitle "playchess.com"]
[Source "ChessBase"]
[SourceQuality "1"]
[TimeControl "600+2"]

1. Nf3 d5 2. e3 Nf6 3. b3 Bf5 4. Be2 h6 5. Ba3 c6 6. O-O Nbd7 7. c4 Qa5 8. Qc1 e5 9. Bxf8 Kxf8 10. Qb2 Re8 11. b4 Qb6 12. Nc3 Bg4 13. cxd5 cxd5 14. Rfc1 a6 15. Na4 Qd6 16. Nc5 Bxf3 17. Bxf3 Rb8 18. Rc2 Ke7 19. Rac1 Rhc8 20. d4 e4 21. Be2 Rc7 22. a4 Rcc8 23. a5 h5 24. h3 g5 25. b5 axb5 26. Bxb5 Nxc5 27. dxc5 Qe6 28. Qb4 g4 29. hxg4 Nxg4 30. Be2 Rc6 31. a6 Qe5 32. Bxg4 hxg4 33. a7 Rh8 34. Qxb7+ Rc7 35. a8=Q Qh2+ 36. Kf1 Rxa8 37. Qxa8 Qh1+ 38. Ke2 Qxg2 39. Qb8 Qf3+ 40. Ke1 Qh1+ 41. Kd2 Qh2 42. Rf1 d4 43. Ke1 d3 44. Rc4 f5 45. Rd4 Qe5 46. Rh1 Qxc5 47. Qxc7+ 1-0

[Event "CCT Julius Baer-D2 2024"]
[Site "Online"]
[Date "2024.09.29"]
[Round "53"]
[White "Daneshvar, Bardiya"]
[Black "Indjic, Aleksandar"]
[Result "0-1"]
[ECO "A25"]
[WhiteElo "2598"]
[BlackElo "2611"]
[Annotator "RC"]
[PlyCount "80"]
[EventDate "2024.09.25"]
[EventType "swiss"]
[EventCountry "NET"]
[SourceTitle "playchess.com"]
[Source "ChessBase"]
[SourceQuality "1"]
[TimeControl "600+2"]

1. c4 e5 2. g3 Nc6 3. Bg2 Bc5 4. Nc3 a6 5. e3 Ba7 6. Nge2 d6 7. d4 Bd7 8. a3 h5 9. h3 Nf6 10. b4 Qc8 11. Bb2 Ne7 12. c5 exd4 13. exd4 Ng6 14. Qd3 O-O 15. O-O-O Re8 16. Rde1 a5 17. Nf4 Nxf4 18. gxf4 axb4 19. axb4 Rxe1+ 20. Rxe1 Bf5 21. Qg3 Qd8 22. Nd5 Nxd5 23. Bxd5 c6 24. Bb3 d5 25. Bc3 Bb8 26. Kb2 Bc7 27. h4 g6 28. Bd2 Qd7 29. Be3 b5 30. Bd1 Kh7 31. Rg1 Bd8 32. Bb3 Qa7 33. Kc3 Bf6 34. Rd1 Qa3 35. Bc1 Qa1+ 36. Bb2 Bxd4+ 37. Rxd4 Qe1+ 38. Rd2 d4+ 39. Kxd4 Qxd2+ 40. Ke5 Qxb2+ 0-1

[Event "CCT Julius Baer-D2 2024"]
[Site "Online"]
[Date "2024.09.29"]
[Round "53"]
[White "Lazavik, Denis"]
[Black "Bortnyk, Olexandr"]
[Result "1/2-1/2"]
[ECO "A50"]
[WhiteElo "2578"]
[BlackElo "2608"]
[Annotator "RC"]
[PlyCount "111"]
[EventDate "2024.09.25"]
[EventType "swiss"]
[EventCountry "NET"]
[SourceTitle "playchess.com"]
[Source "ChessBase"]
[SourceQuality "1"]
[TimeControl "600+2"]

1. d4 Nf6 2. c4 b6 3. Nc3 Bb7 4. Qc2 d6 5. e4 e5 6. Nf3 Nc6 7. d5 Ne7 8. h4 h5 9. Bg5 Nd7 10. O-O-O a5 11. Be3 f6 12. g3 g6 13. Bh3 Bh6 14. Bxh6 Rxh6 15. Ne1 Ba6 16. b3 a4 17. Nxa4 b5 18. cxb5 Bxb5 19. Nc3 Qb8 20. Nd3 Rh8 21. Kb1 Bxd3 22. Bxd7+ Kxd7 23. Rxd3 Qb4 24. Rc1 Rhb8 25. Qd2 f5 26. f3 Ra3 27. Rc2 Qa5 28. Ne2 Qa7 29. Nc1 Qg1 30. Qf2 Qh1 31. Qg2 Qe1 32. Rdc3 Rb7 33. Qf2 Qxf2 34. Rxf2 c5 35. dxc6+ Nxc6 36. Rd2 Nd4 37. Ne2 Nb5 38. Rcd3 fxe4 39. fxe4 Ra4 40. Kb2 Ra6 41. Nc3 Na3 42. Rf2 Ke8 43. Rdf3 Nc4+ 44. Kc1 Nb6 45. Rf8+ Kd7 46. R2f7+ Kc6 47. Rxb7 Kxb7 48. Rf6 Nd7 49. Rxg6 Rc6 50. Kd2 Nc5 51. b4 Nd7 52. Rg7 Kc8 53. Rg8+ Kb7 54. Rg7 Kc8 55. Rg8+ Kb7 56. Rg7 1/2-1/2

[Event "CCT Julius Baer-D2 2024"]
[Site "Online"]
[Date "2024.09.30"]
[Round "54"]
[White "Vidit, Santosh Gujrathi"]
[Black "Indjic, Aleksandar"]
[Result "1-0"]
[ECO "B90"]
[WhiteElo "2720"]
[BlackElo "2611"]
[Annotator "RC"]
[PlyCount "167"]
[EventDate "2024.09.25"]
[EventType "swiss"]
[EventCountry "NET"]
[SourceTitle "playchess.com"]
[Source "ChessBase"]
[SourceQuality "1"]
[TimeControl "600+2"]

1. e4 c5 2. Nf3 d6 3. d4 cxd4 4. Nxd4 Nf6 5. Nc3 a6 6. Bd3 e5 7. Nde2 Be7 8. O-O Be6 9. f4 exf4 10. Nxf4 Nc6 11. Kh1 O-O 12. Be3 Ne5 13. a4 Rc8 14. Bd4 Nfd7 15. Ncd5 Bg5 16. c3 Rc6 17. a5 Nc5 18. Bc2 h6 19. Qe2 Rc8 20. b4 Bxf4 21. Rxf4 Ncd7 22. Raf1 Nc6 23. Ne3 Nde5 24. Bb6 Qg5 25. Nd5 Rfe8 26. Bb3 Ne7 27. Nxe7+ Qxe7 28. Bxe6 Qxe6 29. Bd4 f6 30. Qh5 Re7 31. h3 Qf7 32. Qd1 Re6 33. Rf5 Qe7 34. Qb3 Nf7 35. Qd5 Rf8 36. b5 axb5 37. Rb1 Rc8 38. Rxb5 Rc7 39. Rf2 Kh8 40. Rfb2 Nd8 41. a6 bxa6 42. Rb8 Rd7 43. Rc8 Kh7 44. Rbb8 Rxe4 45. Qf5+ g6 46. Qxf6 Rxd4 47. Qxd4 h5 48. Kh2 Qg5 49. c4 Qe7 50. c5 dxc5 51. Qf4 Nf7 52. Rf8 Kg7 53. Rg8+ Kh7 54. Rbe8 Qd6 55. Qxd6 Rxd6 56. Ra8 c4 57. Rgc8 Ne5 58. Rc5 Re6 59. Kg3 Kg7 60. Rc7+ Nf7 61. Rxc4 Nh6 62. Rc7+ Kf6 63. Rf8+ Ke5 64. Kh4 Nf5+ 65. Kg5 Nd6 66. Rc5+ Kd4 67. Rc2 Ne4+ 68. Kh6 h4 69. Rd8+ Ke3 70. Ra2 g5+ 71. Kg7 Kf4 72. Rf8+ Ke5 73. Ra5+ Kd4 74. Rf3 Rb6 75. Rfa3 Rb7+ 76. Kg6 Rb6+ 77. Kh5 Rb5 78. R5a4+ Kd5 79. Rd3+ Ke5 80. Re3 Kf5 81. Raxe4 Rb8 82. Re5+ Kf6 83. Kg4 Rb4+ 84. R3e4 1-0

[Event "CCT Julius Baer-D2 2024"]
[Site "Online"]
[Date "2024.09.30"]
[Round "54"]
[White "Sargsyan, Shant"]
[Black "Lazavik, Denis"]
[Result "0-1"]
[ECO "D37"]
[WhiteElo "2649"]
[BlackElo "2578"]
[Annotator "RC"]
[PlyCount "162"]
[EventDate "2024.09.25"]
[EventType "swiss"]
[EventCountry "NET"]
[SourceTitle "playchess.com"]
[Source "ChessBase"]
[SourceQuality "1"]
[TimeControl "600+2"]

1. d4 Nf6 2. c4 e6 3. Nf3 d5 4. Nc3 Be7 5. Bf4 O-O 6. Rc1 c5 7. dxc5 dxc4 8. e3 Qxd1+ 9. Rxd1 Bxc5 10. Bxc4 Bb4 11. O-O Bxc3 12. bxc3 Bd7 13. Ne5 Rc8 14. Bb3 Be8 15. Nc4 Nbd7 16. Nd6 Rxc3 17. Nxe8 Rxe8 18. Ba4 Rd8 19. Bd6 Nb6 20. Bb3 Rcc8 21. Be5 Ne4 22. Rxd8+ Rxd8 23. Bc2 Nf6 24. Bd4 Nbd5 25. Rc1 a6 26. Bb3 h6 27. f3 Ne7 28. Bb6 Rd6 29. Ba5 Nc6 30. Be1 Rd8 31. Kf2 Kf8 32. Ke2 Ke8 33. Bg3 Rc8 34. Kd2 Rd8+ 35. Ke1 Rc8 36. e4 Nd7 37. Bf2 Ne7 38. Rd1 Nc5 39. Bc2 b5 40. Rd2 Nd7 41. Bd4 g6 42. g4 Nc6 43. Bg7 Nce5 44. Bd1 Nc4 45. Rc2 h5 46. gxh5 gxh5 47. f4 Nc5 48. Be2 Nxe4 49. Bxh5 Ke7 50. Bd4 Rd8 51. Ba1 Rd3 52. Be2 Re3 53. Bd4 Rh3 54. Bg1 f5 55. Bf1 Rh4 56. Rg2 Rxf4 57. Rg7+ Kf6 58. Ra7 Ned2 59. Be2 Nf3+ 60. Bxf3 Rxf3 61. h4 Rh3 62. Bd4+ e5 63. Rxa6+ Kf7 64. Bf2 f4 65. Kf1 Ne3+ 66. Ke2 Ng4 67. Bc5 f3+ 68. Kd3 f2+ 69. Ke2 Rf3 70. Ra7+ Ke6 71. Re7+ Kd5 72. Rxe5+ Nxe5 73. Bxf2 Rh3 74. h5 Rxh5 75. a4 bxa4 76. Bd4 Kxd4 77. Kf2 a3 78. Kg3 a2 79. Kf4 a1=Q 80. Kg3 Qc3+ 81. Kf4 Qf3# 0-1

[Event "CCT Julius Baer-D2 2024"]
[Site "Online"]
[Date "2024.09.30"]
[Round "54"]
[White "Indjic, Aleksandar"]
[Black "Vidit, Santosh Gujrathi"]
[Result "0-1"]
[ECO "A09"]
[WhiteElo "2611"]
[BlackElo "2720"]
[Annotator "TA"]
[PlyCount "90"]
[EventDate "2024.09.25"]
[EventType "swiss"]
[EventCountry "NET"]
[SourceTitle "playchess.com"]
[Source "ChessBase"]
[SourceQuality "1"]
[TimeControl "600+2"]

1. Nf3 d5 2. g3 Nf6 3. Bg2 c5 4. c4 d4 5. e3 Nc6 6. exd4 cxd4 7. d3 e5 8. O-O Bd6 9. Bg5 h6 10. Bxf6 Qxf6 11. Nbd2 Bf5 12. Ne1 O-O 13. a3 a5 14. Qe2 Rfe8 15. Ne4 Qg6 16. Nf3 Bxe4 17. dxe4 a4 18. Rac1 Na5 19. c5 Bf8 20. Nd2 Rec8 21. Qd1 Qc6 22. f4 Bxc5 23. fxe5 Qe6 24. Qxa4 d3+ (24... Qxe5 $2 25. Rf5 Qe7 $18) 25. Kh1 {[%emt 0:00:17] [#]} Be3 $1 (25... Qxe5 $6 26. Qb5 Bd4 27. Rxc8+ Rxc8 28. Qxd3 Bxb2 29. Rxf7 $14) 26. Rxc8+ Qxc8 27. Qb4 $2 (27. Nf3 $17) 27... Qc2 $2 (27... Nc6 $19 28. Qc3 Bxd2 29. Qxd2 Nxe5) 28. Qe7 (28. Nb1 $1 $15) 28... Qxd2 $2 (28... Bxd2 $17 29. Qxf7+ Kh8) 29. Qxf7+ $11 Kh8 30. e6 Bg5 (30... Bc5 $5 31. b4 $8 Nc4 32. bxc5 Ne3 $11) 31. h4 Nc4 $1 32. hxg5 Ne3 (32... Qxb2 33. g6 (33. e7 Ne5 $18) 33... Qxa3 34. e7 (34. Qxb7 Rg8 $11) (34. Qxb7 Rg8 $11)) 33. Rg1 Ng4 $1 34. Rf1 Ne3 (34... Qxg5 $2 35. e7 (35. Qxb7 $2 Qh5+) 35... Qe5 36. Bf3 $18 (36. Qf8+ Kh7 $16)) 35. Rf2 (35. Rg1 Ng4 $14) 35... Qe1+ 36. Bf1 Nxf1 (36... hxg5 37. Rh2#) 37. Rxf1 Qxg3 38. Rf3 (38. Qxb7 $2 Ra5 39. Rf5 d2 $19) (38. Qh5 $11 {keeps the balance.} d2 39. e7) 38... Qh4+ $17 (38... Qxg5 39. e7 (39. Qxb7 $2 Ra5 $19) 39... Qh4+ 40. Kg2 Qxe4 41. Qf8+ Kh7 42. Qf5+ (42. Qxa8 Qe2+ 43. Kg3 Qe5+ 44. Rf4 Qe3+ 45. Kg2 Qe2+ 46. Rf2 Qe4+ 47. Rf3 Qe2+ 48. Rf2 Qe4+ 49. Rf3 $11) 42... Qxf5 43. Rxf5 $17) 39. Kg2 d2 (39... Qxg5+ $17 40. Rg3 Qe5 41. Qxb7 Re8 42. Rxd3 Rxe6 (42... Qxe6 43. Rg3 $15)) 40. e7 $2 (40. gxh6 Rg8 (40... d1=R 41. Qxg7#) (40... gxh6 41. e7 $11) (40... Qxh6 41. Qd7 $14) 41. Rg3 (41. Qxb7 gxh6+) 41... Qxe4+ (41... d1=R 42. hxg7+ Kh7 43. Qg6#) 42. Kh2 Qh4+ (42... d1=R 43. hxg7+ Kh7 44. Qh5#) 43. Kg2 Qxg3+ (43... d1=R 44. hxg7+ Kh7 45. Qg6#) (43... Qxh6 $2 44. Qd7 $18) 44. Kxg3 d1=Q $19 (44... d1=R $2 45. e7 $18)) (40. g6 $1 $11 {and White stays safe.} Rg8 (40... d1=R 41. Qf8+ Rxf8 42. Rxf8#) (40... Qxe4 41. e7 $11) 41. e7 Qxe4 (41... d1=R 42. Qxg8+ Kxg8 43. e8=Q#) 42. Kh3 Qxe7 (42... d1=R 43. Qxg8+ Kxg8 44. Rf8#) 43. Qxe7) 40... Qg4+ $19 (40... d1=R 41. e8=Q+ (41. e8=R+ Rxe8 42. Qxe8+ Kh7 43. g6#) 41... Rxe8 42. Qxe8+ Kh7 43. g6#) 41. Rg3 Qxe4+ (41... d1=Q 42. e8=Q+ (42. e8=R+ Rxe8 43. Qxe8+ Kh7 44. g6+ Qxg6 45. Qxg6+ Kh8 46. Qxg7#) 42... Rxe8 43. Qxe8+ Kh7 44. g6+) (41... Qe2+ 42. Kh3 hxg5 (42... d1=B 43. Qf8+) (42... Qxe4 $2 43. Qf8+ $18) 43. Rf3 (43. e8=R+ Rxe8 44. Qxe8+ Kh7 $19) (43. e8=N g4+ 44. Rxg4 Qxg4+ 45. Kxg4 d1=Q+ 46. Kf5 Qf3+ 47. Ke6 Qxe4+ 48. Kd7 Qxe8+ 49. Qxe8+ Rxe8 $19) 43... g4+ (43... d1=R $2 44. Qh5+ Kg8 45. Rf8+ Rxf8 46. exf8=Q+ Kxf8 47. Qxe2 $18) 44. Kxg4 Qxe4+ (44... d1=R 45. Qh5+ Kg8 46. Qf7+ Kh8 47. Qh5+ Kg8 48. Qf7+ Kh8 $11) (44... d1=Q 45. Qh5+ Kg8 46. Qf7+ Kh8 47. e8=Q+ Rxe8 48. Qh5+ Kg8 49. Qxe8+ Kh7 50. Qh5+ Kg8 51. Qf7+ Kh8 52. Qh5+ Kg8 53. Qe8+ Kh7 54. Qh5+ Kg8 $11) 45. Kg3 $11) 42. Kh2 $2 (42. Kf2 $19 d1=Q (42... d1=R $2 43. Qf8+ $18) 43. Qf8+ Kh7 (43... Rxf8+ 44. exf8=Q+ Kh7 45. g6+ $17) 44. g6+ Qxg6 45. Rxg6 Qd4+ 46. Ke1) 42... d1=Q (42... d1=R $2 {is the wrong capture.} 43. Qf8+ Kh7 (43... Rxf8 $2 44. exf8=Q+ Kh7 45. g6+ $18) 44. g6+ $18 (44. Qxa8 $2 Qh1#) (44. Qxa8 $2 Qh1#)) 43. Qf8+ Kh7 ({Weaker is} 43... Rxf8 44. exf8=Q+ Kh7 45. g6+ $19) 44. g6+ Qxg6 45. Rxg6 Qh5+ 0-1

[Event "CCT Julius Baer-D2 2024"]
[Site "Online"]
[Date "2024.09.30"]
[Round "54"]
[White "Lazavik, Denis"]
[Black "Sargsyan, Shant"]
[Result "1-0"]
[ECO "D38"]
[WhiteElo "2578"]
[BlackElo "2649"]
[Annotator "RC"]
[PlyCount "101"]
[EventDate "2024.09.25"]
[EventType "swiss"]
[EventCountry "NET"]
[SourceTitle "playchess.com"]
[Source "ChessBase"]
[SourceQuality "1"]
[TimeControl "600+2"]

1. d4 Nf6 2. c4 e6 3. Nf3 d5 4. Nc3 Bb4 5. Bg5 h6 6. Bxf6 Qxf6 7. Qa4+ Nc6 8. e3 O-O 9. a3 Bxc3+ 10. bxc3 Bd7 11. cxd5 exd5 12. Bd3 Qd6 13. O-O b6 14. Qc2 Na5 15. Ne5 Rad8 16. f4 c5 17. Qe2 Nc6 18. Rf3 Qe7 19. Qf2 Be8 20. Rg3 f6 21. Nf3 Qe6 22. Re1 f5 23. Ne5 Nxe5 24. fxe5 cxd4 25. cxd4 Rc8 26. Rf3 Bd7 27. Rf1 Qe7 28. g4 Qg5 29. Qg3 Rc3 30. h4 Qg6 31. Bxf5 Bxf5 32. gxf5 Qxg3+ 33. Rxg3 Kh7 34. e6 b5 35. Kg2 Rc2+ 36. Kh3 a5 37. e4 dxe4 38. d5 Rd2 39. Rfg1 g5 40. e7 Ra8 41. hxg5 Rxd5 42. gxh6 Rxf5 43. Rg7+ Kxh6 44. R1g6+ Kh5 45. Rg8 Re5 46. Rxa8 Kxg6 47. e8=Q+ Rxe8 48. Rxe8 Kf5 49. Kg3 b4 50. axb4 axb4 51. Rb8 1-0

[Event "CCT Julius Baer-D2 2024"]
[Site "Online"]
[Date "2024.09.30"]
[Round "55"]
[White "Vidit, Santosh Gujrathi"]
[Black "Lazavik, Denis"]
[Result "1/2-1/2"]
[ECO "C55"]
[WhiteElo "2720"]
[BlackElo "2578"]
[Annotator "TA"]
[PlyCount "64"]
[EventDate "2024.09.25"]
[EventType "swiss"]
[EventCountry "NET"]
[SourceTitle "playchess.com"]
[Source "ChessBase"]
[SourceQuality "1"]
[TimeControl "600+2"]

1. e4 e5 2. Nf3 Nc6 3. Bc4 Nf6 4. d3 Be7 5. Nc3 O-O 6. a3 d6 7. Be3 Be6 8. Nd5 Qd7 9. Ng5 Bxd5 10. exd5 Nd4 11. O-O c6 12. dxc6 bxc6 13. Ba2 d5 14. Bxd4 exd4 15. Nf3 c5 16. c4 dxc3 17. bxc3 Bd6 18. Re1 Rfe8 19. Qd2 h6 20. g3 Rxe1+ 21. Rxe1 Re8 (21... Qa4 $15) 22. Rxe8+ $11 {[%emt 0:00:08] Die Stellung ist ausgeglichen.} Qxe8 23. Bb3 Qb5 24. Bd1 Kf8 25. a4 Qd7 26. Kg2 Qb7 27. Qc2 Qd7 28. Qb2 Qc7 29. Qb5 Qb6 30. c4 Qxb5 31. axb5 dxc4 32. dxc4 Ke7 {[%emt 0:00:00] Gewichteter Fehlerwert: Weiß=0.07 (makellos) /Schwarz=0.06 (makellos) .  Fehler:       	---       	Schwarz=1     Ungenau:       	Weiß=1     	---        OK:         	Weiß=8     	Schwarz=8} 1/2-1/2

[Event "CCT Julius Baer-D2 2024"]
[Site "Online"]
[Date "2024.09.30"]
[Round "55"]
[White "Lazavik, Denis"]
[Black "Vidit, Santosh Gujrathi"]
[Result "1/2-1/2"]
[ECO "D35"]
[WhiteElo "2578"]
[BlackElo "2720"]
[Annotator "TA"]
[PlyCount "155"]
[EventDate "2024.09.25"]
[EventType "swiss"]
[EventCountry "NET"]
[SourceTitle "playchess.com"]
[Source "ChessBase"]
[SourceQuality "1"]
[TimeControl "600+2"]

1. d4 d5 2. c4 c6 3. Nf3 Nf6 4. Nc3 e6 5. cxd5 exd5 6. Qc2 g6 7. Bg5 Be7 8. e3 Bf5 9. Bd3 Bxd3 10. Qxd3 Nbd7 11. Bh6 Ng4 12. Bf4 O-O 13. O-O Ngf6 14. h3 Re8 15. Qc2 Bb4 16. Ne1 Qe7 17. Nd3 Bd6 18. Bxd6 Qxd6 19. a4 a5 20. Rab1 Nb6 21. b3 Re7 22. Rfc1 h5 23. Nc5 Kg7 24. Qd3 Rd8 25. b4 axb4 26. Rxb4 Nbd7 27. Rxb7 Nxc5 28. dxc5 Qxc5 29. Rxe7 Qxe7 30. Qc2 c5 31. Nb5 d4 32. exd4 cxd4 33. Qd3 Qb4 34. Rd1 Qxa4 35. Nxd4 Rd5 36. Rd2 Qb4 37. Qe3 Qb1+ 38. Kh2 Qb8+ 39. f4 Qb4 40. Nf3 Rxd2 41. Qxd2 Qxd2 42. Nxd2 Nd5 43. g3 h4 44. Nf3 hxg3+ 45. Kxg3 Kf6 46. Ng5 Ne3 47. Kf3 Nf5 48. Ne4+ Ke7 49. Ng5 f6 50. Ne4 Ng7 51. Ng3 Ke6 52. Kg4 $1 f5+ 53. Kf3 (53. Kg5 $5 Kf7 $8 54. Ne2 $11) 53... Kd5 54. h4 Kd4 55. Ne2+ Kd3 56. Ng3 $1 Nh5 57. Nf1 Nf6 58. Ne3 Kd4 59. Nc2+ Kc3 60. Ne3 Kd3 61. Kf2 $2 {[%emt 0:00:09][%mdl 8192] [#]} (61. h5 $11 Nxh5 62. Nd5) 61... Ke4 $1 $19 62. Ng2 Nh5 63. Ne1 Nxf4 ({And not} 63... Kxf4 64. Nd3+ Ke4 65. Nc5+ Kd5 66. Nd7 $11) 64. Nf3 Nd3+ 65. Kg3 Ke3 $2 ({Black should play} 65... f4+ $19 66. Kg2 Ne5 67. Nd2+ Ke3 68. Nf1+ Kd3) 66. Nh2 $1 $11 Ne5 67. Nf1+ Ke2 68. Nh2 Ke3 69. Nf1+ Ke4 70. Nd2+ $1 Kd3 (70... Ke3 $5 71. Nf1+ $8 $11) 71. Nf1 Ke4 72. Nd2+ $1 Kd5 73. Kf4 Ke6 74. Kg5 Kf7 75. h5 gxh5 76. Kxf5 Nd3 77. Kg5 h4 78. Kxh4 1/2-1/2

[Event "CCT Julius Baer-D2 2024"]
[Site "Online"]
[Date "2024.09.30"]
[Round "56"]
[White "Martinez Alcantara, Jose Eduardo"]
[Black "Lazavik, Denis"]
[Result "1/2-1/2"]
[ECO "C54"]
[WhiteElo "2607"]
[BlackElo "2578"]
[Annotator "TA"]
[PlyCount "71"]
[EventDate "2024.09.25"]
[EventType "swiss"]
[EventCountry "NET"]
[SourceTitle "playchess.com"]
[Source "ChessBase"]
[SourceQuality "1"]
[TimeControl "600+2"]

1. e4 e5 2. Nf3 Nc6 3. Bc4 Bc5 4. d3 Nf6 {[%emt 0:00:00][%cal Bg8f6,Bf6d5,Bd5b6,Bb6c4][%mdl 32] EV=13.88} 5. c3 O-O 6. O-O d5 7. exd5 Nxd5 8. Re1 Bg4 9. h3 {[%emt 0:00:11] C54: Giuoco Piano: 4 c3 Pf6, Hoofdvarianten met 5 d4 en 5 d3.} Bh5 10. Nbd2 {[%emt 0:00:02] OK} Nb6 11. Ne4 {[%emt 0:01:22] Fout (0.6)} (11. b4 $14 Bd6 12. Bb3) 11... Nxc4 $1 $11 {[%emt 0:00:07] Sterk} 12. Nxc5 {[%emt 0:00:02] OK} Nd6 {[%emt 0:00:00] OK} {Wit zou moeten proberen} 13. Ne4 {[%emt 0:01:20] Fout (0.5)} (13. g4 $11 Bg6 14. d4 (14. Nxe5 Nxe5 15. Rxe5 b6 $11)) 13... Nxe4 $15 {[%emt 0:00:15] OK} 14. dxe4 Qxd1 15. Rxd1 Rfd8 {[%emt 0:00:01] Onnauwkeurig} 16. Be3 f6 {[%emt 0:00:10] OK} 17. Rxd8+ $146 ({Predecessor:} 17. Kf1 b6 18. Rxd8+ Rxd8 19. Nd2 Bf7 20. Ke2 {½-½ Kohlmann,A (2028)-Krueger,R (2039) Oberliga Nord W 1920 2019 (6.7)}) 17... Rxd8 18. Nd2 Bf7 19. Kf1 a5 20. a4 {[%emt 0:00:06] OK} b6 {[%emt 0:00:04] OK} 21. Ke2 Be6 22. b3 {[%emt 0:00:12] Onnauwkeurig} Kf7 {[%emt 0:00:01] Onnauwkeurig} 23. Rb1 Ke7 24. f3 {[%emt 0:00:06] Onnauwkeurig} {Zwart zou kunnen overwegen} h6 {[%emt 0:00:01] Fout (0.5)} (24... g5 $15) 25. g4 {[%emt 0:00:03] Onnauwkeurig} Ra8 {[%emt 0:00:08] Onnauwkeurig} {Wit moet overwegen} 26. Nf1 {[%emt 0:00:07] Fout (0.5)} (26. h4 $11) {Zwart moet overwegen} 26... Kf7 {[%emt 0:00:25] Fout (0.5)} (26... h5 $15) 27. Ng3 {[%emt 0:00:22] is meer geschikt. Fout (0.5)} (27. h4 $11) 27... Rd8 {[%emt 0:00:16] is de betere optie. Fout (0.5)} (27... h5 $1 $15) 28. h4 $11 {[%emt 0:00:06] OK. De stelling is in evenwicht.} Ne7 29. h5 {[%emt 0:00:16] OK} Nc6 {[%emt 0:00:08] OK} 30. Nf1 Ne7 31. Bc1 Nc6 32. Ne3 Rd7 33. Ba3 Rd8 {[%emt 0:00:03] OK} 34. Bc1 {[%emt 0:00:14] OK} Rd7 {[%emt 0:00:02] OK} 35. Ba3 Rd8 {[%emt 0:00:01] OK} 36. Bc1 {[%emt 0:00:00] Blunder waarde: Wit=0.21 (precies) /Zwart=0.13 (erg precies) .  Fout:        	Wit=4      	Zwart=3      Onnauwkeurig:    	Wit=3      	Zwart=3      OK:         	Wit=6      	Zwart=8      Sterk:        	---       	Zwart=1} 1/2-1/2

[Event "CCT Julius Baer-D2 2024"]
[Site "Online"]
[Date "2024.09.30"]
[Round "56"]
[White "Lazavik, Denis"]
[Black "Martinez Alcantara, Jose Eduardo"]
[Result "1-0"]
[ECO "E20"]
[WhiteElo "2578"]
[BlackElo "2607"]
[Annotator "RC"]
[PlyCount "191"]
[EventDate "2024.09.25"]
[EventType "swiss"]
[EventCountry "NET"]
[SourceTitle "playchess.com"]
[Source "ChessBase"]
[SourceQuality "1"]
[TimeControl "600+2"]

1. d4 Nf6 2. c4 e6 3. Nc3 Bb4 4. f3 Ba5 5. Rb1 c5 6. dxc5 Na6 7. e4 Bxc3+ 8. bxc3 Qc7 9. Ne2 Nxc5 10. Nd4 a6 11. Be2 d6 12. O-O h6 13. Be3 O-O 14. Qd2 e5 15. Nc2 Be6 16. Nb4 Rfc8 17. Nd5 Bxd5 18. cxd5 Rab8 19. c4 b6 20. g3 Qe7 21. Kg2 Nfd7 22. Bd1 Nf6 23. Rb4 Nfd7 24. Bc2 Kh8 25. Rfb1 Kg8 26. Kg1 Qd8 27. Bd1 Qe7 28. Be2 Qd8 29. Bf1 Rb7 30. Bh3 Rcb8 31. Kg2 b5 32. cxb5 Rxb5 33. Rxb5 axb5 34. Kg1 Qf6 35. Bg2 Kh7 36. Qa5 Nb6 37. Qxb5 Nbd7 38. Qf1 Ra8 39. Qe2 Ra3 40. Bh3 Qd8 41. Bf5+ g6 42. Bxd7 Qxd7 43. Bxc5 dxc5 44. Rb2 Qa4 45. Rc2 Qd4+ 46. Kg2 Rd3 47. Qf2 Re3 48. d6 Rd3 49. Qxd4 Rxd4 50. Rxc5 Rxd6 51. Rc2 Rd3 52. Rf2 Ra3 53. Kf1 f5 54. Ke1 Kg7 55. Kd1 Kf6 56. Kc1 Ra4 57. Kb2 Ke6 58. Kb3 Rd4 59. a4 fxe4 60. fxe4 Rxe4 61. a5 Re3+ 62. Kb4 Re1 63. Ra2 Rb1+ 64. Kc4 Rc1+ 65. Kd3 Rd1+ 66. Ke3 Rd7 67. a6 Ra7 68. Ke4 Kd6 69. Ra5 h5 70. h4 Kc6 71. Kxe5 Rf7 72. Ke6 Rf8 73. a7 Ra8 74. Kf6 Kb6 75. Ra2 Kb7 76. Kxg6 Rg8+ 77. Kf7 Ra8 78. Ra3 Kb6 79. Kg6 Kb7 80. Kxh5 Rh8+ 81. Kg4 Ka8 82. h5 Rg8+ 83. Kh4 Rg7 84. g4 Rb7 85. h6 Rh7 86. Kh5 Rh8 87. g5 Rc8 88. Re3 Rc7 89. Re6 Re7 90. Rf6 Rf7 91. Kg6 Rb7 92. h7 Kxa7 93. h8=Q Rc7 94. Rf7 Kb7 95. Rxc7+ Ka6 96. Qb8 1-0